AoeStats
← Outlaw

Arabia

508276818Analyzed
2v2 RM · 11d ago on Sep 21, 2026· 39m 40s· 4 players
Game mode
Random Map
Map size
Medium (4 player)
Population
200
Speed
Normal
Resources
Standard
Victory
Conquest
Starting age
Dark Age
Ending age
Imperial Age
RankedLock teamsTeams togetherTeam positionsShared explorationLock speedFull tech treeHidden civsTurbo modeCheats
Victory
Defeat
🇿🇦 Bohemians · South Africa
637
+14
🇿🇦 Vietnamese · South Africa
619
+15
🇦🇺 Burgundians · Australia
611
-15
🇺🇸 Mongols · United States
577
-14
GizzleMcTizzle
12:27 Feudal Age
16:22 Double-Bit Axe
19:27 Man-at-Arms
23:36 Castle Age
23:15 Bloodlines
23:21 Scale Barding Armor
23:27 Forging
26:02 Padded Archer Armor
30:14 Gold Mining
30:57 Squires
35:32 Husbandry
38:10 Iron Casting
37:56 Chain Barding Armor
37:53 Leather Archer Armor
rickyhodson79
7:56 Double-Bit Axe
11:19 Feudal Age
10:34 Horse Collar
12:51 Bow Saw
13:28 Loom
13:40 Gold Mining
15:34 Heavy Plow
Dkiller8653
10:02 Feudal Age
10:30 Double-Bit Axe
11:23 Wheelbarrow
11:26 Man-at-Arms
27:49 Castle Age
28:20 Castle Age
30:37 Bow Saw
31:11 Squires
31:51 Pikeman
33:15 Hand Cart
34:47 Husbandry
36:54 Wagenburg Tactics
38:16 Chemistry
37:41 Elite Skirmisher
Outlaw
11:35 Feudal Age
11:38 Man-at-Arms
12:28 Arson
12:48 Double-Bit Axe
20:11 Scale Mail Armor
28:56 Castle Age
30:58 Squires
30:21 Pikeman
30:32 Long Swordsman
31:47 Bow Saw
31:21 Horse Collar
34:08 Chain Mail Armor
34:08 Forging
35:00 Scale Barding Armor
37:13 Wheelbarrow
41:13 Imperial Age
Connection lost

Rejoining the realm…

Still unreachable

The connection could not be restored.

Session expired

The server has moved on; the page needs a fresh start.